Cogmind - Beta 14 @@@ ROGUE MODE // 2024.12.21 @ 18:30:10 Player: blackdogzx Result: Destroyed by S-10 Pest with Light Assault Rifle Performance ------------- Evolutions (1) 500 Regions Visited (2) 400 Robots Destroyed (22) 110 Value Destroyed (674) 674 Prototype IDs (1) 20 Alien Tech Used (0) 0 Bonus (0) 0 TOTAL SCORE: 1704 Bonus ------- None Cogmind --------- Core Integrity 0/400 Matter 300/300 Energy 235/250 System Corruption 0% Temperature Warning (320) Movement Walking (190) Ox1 Location -9/Materials Parts ------- > --- POWER (1) -------- Ion Engine > --- PROPULSION (2) --- Aluminum Leg > --- UTILITY (4) ------ Structural Scanner Visual Processing Unit Signal Interpreter Light Armor Plating > --- WEAPON (2) ------- Beam Cannon Beam Cannon > --- INVENTORY (5) ---- Terrain Scanner Medium Laser Peak State ------------ > --- POWER ------------ Ion Engine > --- PROPULSION ------- Aluminum Leg > --- UTILITY ---------- Structural Scanner Visual Processing Unit Signal Interpreter Light Armor Plating > --- WEAPON ----------- Beam Cannon Beam Cannon > --- INVENTORY -------- Light Armor Plating Medium Laser [Rating: 9] Favorites ----------- Power Ion Engine Engine Ion Engine Propulsion Aluminum Leg Leg Aluminum Leg Utility Small Storage Unit Device Sensor Array Storage Small Storage Unit Processor Visual Processing Unit Protection Light Armor Plating Weapon Beam Cannon Energy Gun Medium Laser Energy Cannon Beam Cannon Ballistic Gun Improved Assault Rifle Launcher Grenade Launcher Build | -11 -10 -9 ------- Run | Yrd Mat Mat Slots Evolved 2 | . . 2 Power . | . . . Propulsion . | . . . Utility 2 | . . 2 Weapon . | . . . Parts Attached 26 | 6 8 12 Power 2 | 1 . 1 Engine 2 | 1 . 1 Core . | . . . Reactor . | . . . Propulsion 4 | 2 1 1 Treads . | . . . Leg 4 | 2 1 1 Wheel . | . . . Hover . | . . . Flight . | . . . Utility 9 | 1 2 6 Device 4 | . 2 2 Storage 1 | 1 . . Processor 2 | . . 2 Hackware . | . . . Protection 2 | . . 2 Artifact . | . . . Weapon 11 | 2 5 4 Energy Gun 3 | 2 1 . Energy Cannon 4 | . 2 2 Ballistic Gun 2 | . . 2 Ballistic Cannon . | . . . Launcher 2 | . 2 . Special Weapon . | . . . Impact Weapon . | . . . Slashing Weapon . | . . . Piercing Weapon . | . . . Special Melee Weapon . | . . . Unidentified Prototypes 1 | . . 1 Parts Lost 9 | . 2 7 Power 1 | . 1 . Propulsion 3 | . 1 2 Utility 3 | . . 3 Weapon 2 | . . 2 Highest Loss Streak 7 | . 1 7 To Critical Strikes . | . . . Average Slot Usage (%) 79 | . 92 62 Engine 6 | . 7 5 Leg 21 | . 27 12 Device 10 | . 13 7 Storage 9 | . 14 3 Processor 3 | . . 8 Protection 2 | . . 6 Energy Gun 3 | . 5 . Energy Cannon 13 | . 15 12 Ballistic Gun 1 | . . 2 Launcher 5 | . 7 3 Peak Build Rating 9 | 6 7 9 Average Rating 6 | 4 6 6 On Entrance 4 | . 6 6 Naked Turns 14 | . . 14 Heaviest Build 17 | 14 17 15 Greatest Support 20 | 20 20 10 Greatest Overweight (x) 5 | 1 5 2 Average Overweight (x) . | . . . Largest Inventory Capacity 8 | 8 8 8 Average Capacity 7 | 7 8 5 Most Carried 6 | 1 6 6 Average Carried 3 | . 4 3 Final Capacity 8 | 8 8 5 Final Carried 5 | 1 5 2 Class Distribution -------------------- 85% | Mutant 14% | Scavenger-Mutant Dominant Class ---------------- Mutant | -10/Materials Mutant | -9/Materials Resources | -11 -10 -9 ----------- Run | Yrd Mat Mat Matter Collected 509 | 232 152 125 Remotely . | . . . Salvage Created 592 | . 313 279 Parts 44 | . 15 29 Haulers Intercepted . | . . . Recyclers Shooed 1 | . 1 . Parts Field Recycled . | . . . Retrieved Matter . | . . . Parts Self-Destructed . | . . . Prevented . | . . . Kills | -11 -10 -9 ------- Run | Yrd Mat Mat Combat Hostiles Destroyed 14 | . 8 6 Guns 1 | . 1 . Cannons 8 | . 5 3 AOE 5 | . 2 3 Classes Destroyed 8 | . 4 4 Worker 1 | . 1 . Builder 1 | . . 1 Operator 2 | . 1 1 Watcher 4 | . 2 2 Swarmer 1 | . . 1 Grunt 11 | . 8 3 Duelist 1 | . . 1 Sentry 1 | . . 1 Best Kill Streak 4 | . 4 3 Combat Bots Only 3 | . 3 3 Max Kills in Single Turn 3 | . 2 3 Gunslinging . | . . . Exploded 3 | . 1 3 Melee . | . . . Uniques/NPCs Destroyed . | . . . Combat | -11 -10 -9 -------- Run | Yrd Mat Mat Hostile Shots Fired 143 | . 58 85 Missed 37 | . 14 23 Damage Taken 1470 | . 527 943 Core 511 | . 104 407 Absorbed by Shields . | . . . Core Remaining (%) 79 | 100 58 . Volleys Fired 57 | . 35 22 Largest 2 | . 2 2 Hottest 120 | . 110 120 Shots Fired 94 | . 57 37 Gun 24 | . 16 8 Cannon 62 | . 35 27 Launcher 8 | . 6 2 Special . | . . . Kinetic 8 | . . 8 Thermal 78 | . 51 27 Explosive 8 | . 6 2 Electromagnetic . | . . . Robot Hit Streak 7 | . 7 7 Robot Miss Streak 5 | . 5 4 Penetration Max . | . . . Secondary Targets . | . . . Shots Hit Robots 60 | . 41 19 Core Hits 34 | . 22 12 Critical Kills . | . . . Critical Parts Destroyed . | . . . Critical Strikes 1 | . 1 . Burn 1 | . 1 . Melee Attacks . | . . . Impact . | . . . Slashing . | . . . Piercing . | . . . Sneak Attacks . | . . . Combat Hostiles . | . . . Follow-up Attacks . | . . . Damage Inflicted 1645 | 7 939 699 Guns 250 | . 161 89 Cannons 644 | . 419 225 Explosions 700 | . 350 350 Melee . | . . . Ramming 51 | 7 9 35 Kinetic 89 | . . 89 Thermal 805 | . 580 225 Explosive 700 | . 350 350 Electromagnetic . | . . . Impact . | . . . Slashing . | . . . Piercing . | . . . Highest Corruption . | . . . Average Corruption . | . . . Corruption Purged . | . . . Corruption Blocked . | . . . Overload Shots . | . . . Overflow Damage 67 | . 2 65 Projectiles 16 | . 2 14 Explosions 51 | . . 51 Melee . | . . . Knockbacks . | . . . Impact . | . . . Kinetic . | . . . Secondary . | . . . Self-Inflicted Damage 129 | . . 129 Shots 2 | . . 2 Rammed 7 | . . 7 Targets Rammed 15 | 1 3 11 Kicked 8 | 1 3 4 Crushed . | . . . Highest Temperature 615 | . 615 320 Average Temperature 144 | . 161 101 Received Heat Transfer 594 | . 312 282 Effects 16 | . 16 . Shutdowns 2 | . 2 . Energy Bleed 1 | . 1 . Interference 1 | . 1 . Short Circuit 3 | . 3 . Damage (minor) 1 | . 1 . Damage (major) 8 | . 8 . Siege Activations . | . . . Robots Corrupted . | . . . Combat Hostiles . | . . . Parts Fried . | . . . Impact Corruptions . | . . . Robots Melted . | . . . Combat Hostiles . | . . . Parts Melted 5 | . 3 2 Heat Transferred 1924 | . 1443 481 Parts Sabotaged . | . . . Parts Stolen . | . . . Parts Stripped . | . . . Power Chain Reactions . | . . . Alert | -11 -10 -9 ------- Run | Yrd Mat Mat Peak Influence 293 | . 214 293 Initial 55 | . . 55 Average 137 | . 120 175 Maximum Alert Level 1 | . 1 1 Low Security (%) 74 | 100 85 55 Level 1 25 | . 14 44 Level 2 . | . . . Level 3 . | . . . Level 4 . | . . . Level 5 . | . . . High Security . | . . . Max Security . | . . . Squads Dispatched 3 | . 2 1 Investigation 1 | . 1 . Extermination . | . . . Reinforcement 2 | . 1 1 Assault . | . . . Garrison . | . . . Intercept . | . . . Searches Triggered . | . . . Construction Impeded . | . . . Haulers Reinforced . | . . . Active Scanning Responses . | . . . Cargo Convoy Interrupts . | . . . Stealth | -11 -10 -9 --------- Run | Yrd Mat Mat Distress Signals 2 | . 2 . Communications Jammed . | . . . Distress Signals . | . . . Times Spotted 31 | . 18 13 Peak Tracking Total 5 | . 5 5 Tactical Retreats 2 | . 1 1 Traps | -11 -10 -9 ------- Run | Yrd Mat Mat Traps Triggered . | . . . Indirectly . | . . . Trap Hack Attempts . | . . . Triggered . | . . . Disarmed . | . . . Reprogrammed . | . . . Reused . | . . . Traps Extracted . | . . . Installed . | . . . Triggered . | . . . Machines | -11 -10 -9 ---------- Run | Yrd Mat Mat Machines Disabled 7 | . 3 4 Max in Single Turn 2 | . 2 1 Machines Repaired . | . . . Machines Dismantled . | . . . Machines Sabotaged . | . . . Overloaded Fab Kills . | . . . Hacking | -11 -10 -9 --------- Run | Yrd Mat Mat Machines Accessed 2 | . 2 . Terminals 2 | . 2 . Fabricators . | . . . Repair Stations . | . . . Recycling Units . | . . . Scanalyzers . | . . . Garrison Access . | . . . Total Hacks 6 | . 6 . Successful 4 | . 4 . Failed 2 | . 2 . Catastrophic . | . . . Database Lockouts . | . . . Manual . | . . . Terminals 6 | . 6 . Fabricators . | . . . Repair Stations . | . . . Recycling Units . | . . . Scanalyzers . | . . . Garrison Access . | . . . Terminal Hacks 4 | . 4 . Record 4 | . 4 . Fabricator Hacks . | . . . Repair Station Hacks . | . . . Recycling Unit Hacks . | . . . Scanalyzer . | . . . Garrison Access Hacks . | . . . Unauthorized Hacks . | . . . Terminals . | . . . Fabricators . | . . . Repair Stations . | . . . Recycling Units . | . . . Scanalyzers . | . . . Garrison Access . | . . . Data Cores Recovered 1 | . . 1 Used . | . . . Hacking Detections 1 | . 1 . Full Trace Events 1 | . 1 . Feedback Events . | . . . Feedback Blocked . | . . . Robot Schematics Acquired . | . . . Robots Built . | . . . Authchips . | . . . Time . | . . . Total Robot Build Rating . | . . . Part Schematics Acquired . | . . . Parts Built . | . . . Authchips . | . . . Time . | . . . Total Part Build Rating . | . . . Parts Repaired . | . . . Time . | . . . Parts Recycled . | . . . Recycled Matter . | . . . Retrieved Matter . | . . . Retrieved Components . | . . . Parts Scanalyzed . | . . . Part Schematics Acquired . | . . . Parts Damaged . | . . . Bothacking | -11 -10 -9 ------------ Run | Yrd Mat Mat Used RIF Installer . | . . . Robots Hacked . | . . . Non-combat . | . . . Combat . | . . . Robot Hacks Applied . | . . . Relay Couplers Released . | . . . Fabnet Peak Effective % . | . . . Robots Rewired . | . . . Allies Hacked . | . . . Hacks Repelled . | . . . Allies | -11 -10 -9 -------- Run | Yrd Mat Mat Total Allies . | . . . Largest Group . | . . . Highest-Rated Group . | . . . Highest-Rated Ally . | . . . Total Orders . | . . . Ally Attacks . | . . . Total Damage . | . . . Kills . | . . . Allies Corrupted . | . . . Allies Melted . | . . . Intel | -11 -10 -9 ------- Run | Yrd Mat Mat Robot Analysis Total . | . . . Derelict Logs Recovered . | . . . Drone Launches . | . . . Drone Recoveries . | . . . Exploration | -11 -10 -9 ------------- Run | Yrd Mat Mat Turns Passed 1212 | 50 677 485 Spaces Moved 596 | 35 332 229 Core 40 | 5 7 28 Treads . | . . . Legs 556 | 30 325 201 Wheels . | . . . Hover . | . . . Flight . | . . . Fastest Speed 50 | 50 120 50 Average Speed 159 | 114 159 166 Slowest Speed 300 | 120 300 190 Overloaded Moves . | . . . Propulsion Burnouts . | . . . Robots Hopped . | . . . Cave-ins Triggered . | . . . Exploration Rate (%) 21 | 3 42 18 Regions Visited 2 Branch Regions . Pre-discovered Areas . | . . . Known Exits Taken . | . . . Unknown Exits Taken 2 | 1 1 . Scrap Searched . | . . . Spaces Dug . | . . . Terrain Destroyed 91 | . 41 50 Melee . | . . . Projectile . | . . . AOE 91 | . 41 50 Terrain Rammed . | . . . Walls Destroyed . | . . . Machines Disabled . | . . . Actions | -11 -10 -9 --------- Run | Yrd Mat Mat Total 755 | 42 422 291 Wait 50 | . 37 13 Move 595 | 35 331 229 Hop . | . . . Pick Up 6 | 1 3 2 Fast Attach 18 | 6 5 7 Attach 4 | . . 4 Detach 4 | . 3 1 Swap 4 | . 3 1 Drop 3 | . 2 1 Fire 57 | . 35 22 Melee . | . . . Ram 7 | . . 7 Kick 7 | . 3 4 Crush . | . . . Escape Stasis . | . . . Rewire . | . . . Trap . | . . . Miscellaneous . | . . . Route ------- -11/Scrapyard -10/Materials -9/Materials History --------- Turn | Location | Event 20 | -11/Scrapyard | Discovered new exit (range 16) 51 | -11/Scrapyard | Entered Materials 318 | -10/Materials | Build established: Mutant 589 | -10/Materials | Discovered new exit (range 15) 728 | -10/Materials | Entered another Materials area 728 | -9/Materials | Evolved 2 slots: Utility x2 894 | -9/Materials | Core integrity fell below 50% 916 | -9/Materials | Core integrity fell below 20% 960 | -9/Materials | Lost 7 parts (2n3u2w) 1213 | -9/Materials | Destroyed by S-10 Pest with Light Assault Rifle Last Messages --------------- 01034_ K-01 Serf collects debris. 01038_ W-16 Scout destroyed. 01044_ Acquired Signal Interpreter. 01050_ Acquired Structural Scanner. 01052_ R-06 Scavenger collects Lgt. Ion Engine. 01053_ Acquired Terrain Scanner. 01054_ Dropped Lgt. Armor Plating. 01056_ R-06 Scavenger collects Terrain Scan Processor. 01056_ Acquired 13 matter. 01060_ Acquired 7 matter. 01062_ R-06 Scavenger collects Lgt. Ion Engine. 01066_ R-06 Scavenger collects Wheel. 01070_ Kicked U-05 Engineer. 01077_ Kicked R-06 Scavenger. 01106_ G-34 Mercenary destroyed. 01135_ K-01 Serf cleans the Terminal. 01212_ Destroyed Flight Unit. 01212_ Lgt. Assault Rifle melted. 01212_ S-10 Pest destroyed. Map ----- +----------------------------------------------------+ | ?????????????????????????????????? | | ?????????????????????????????????? | | ?????????????????????????????????? | | ?????????????????????????????????? | | ?????????????????????????????????? | | ?????????????????????????????????? | | ?????????????????????????????????? | | ?????????????????????????????????? | | ????????????????????????? ???????? | | ????????????????????????? ???????? | | ????????????????????????? ???????? | | ????????????????????????? ???????? | | ????????????????????????? ???????? | | ?????????????????????????k???????? | | ????????????????????????? ???????? | | ???????????????????????##a# ?????? | | ???????????????########## # ?????? | | ???????????????########## # ?????? | | ?????????######## #### # ?????? | | ?????????######## "#### # ?????? | | ?????????# """ # T#### ##?????? | | ???????????"T" # "####s##?????? | | #######????? #] ####s##?????? | | #######????? # ####%##?????? | | """ ##?????? # #### ##?????? | | "T" ##???? # + @##?????? | | #########+## # ##/##?????? | | ######## ###### ## ?????? | | + T ##""??????? | | ######## ###### ##"""?????? | | /##################### ##"""?????? | | #####????#######??## ##""" ????? | | ##????????????????##+## ??? | | ##???????????????? #######??? | | ##??????????????????? #######??? | | ##?###?????????????????????????? | | #### ####??????????????????????? | | ### ## # ##????????#####????????? | | ######### #???????? #????????? | | ########???? ?????????? | | # #???? ?????????? | | """% # ??????????? | | """ # # """ ??????????? | | """ %# #?""" ???????????? | | % # != #?""" ???????????? | | #!= #??"" ????????????? | | ##!= # ???####?????? | | ###+##########+####+##### !##????? | | ##% ! * * [ !#????? | | %% != % !#????? | +----------------------------------------------------+ Best States ------------- Heat Dissipation 38 Energy Generation 10 Energy Capacity 250 Matter Stores 300 Matter Capacity 300 Sight Range 18 Robot Scan Range 14 Terrain Scan Density 10 Armor Coverage 150 Evasion (%) 55 Item Schematics ----------------- None Robot Schematics ------------------ None Fabricated ------------ Nothing Alien Tech Used ----------------- None Achievements -------------- None Challenges ------------ None Game ------ Seed NuclearWeaponsStreamer Manual? 0 Play Time 00:15:41 Cumulative 20.8 hours Start 2024.12.21 @ 18:18:29 End 2024.12.21 @ 18:30:10 Sessions 1 Manual Loads 0 Difficulty Rogue Special Mode None Game No. 31 Rogue 28 Adventurer 3 Explorer 0 Win Type - Total 0 Types 0/0/0/0/0/0/0/0/0 Lore% 9 Gallery% 19 Achievement% 15 Wizard Run 0 Options --------- Layout 1 ASCII 0 Keyboard 1 Movement Numpad Keybinds 0 Fullscreen 1 Font 24/Smallcaps Map View 50x35 Zoom Use 0% Tactical HUD 1 Map Filters NONE Filters NONE Steam 1 RUN: 2ab8bfa0-c2ef-4f2b-a7f4-7de3e63f826a